 Dungeon Crawl Stone Soup version 0.29-a0-380-gf50f0a9fbc (webtiles) character file.

Game seed: 5558128990914600808

24943 pokeman the Eclecticist (level 12, 0/66 HPs)
             Began as a Deep Elf Hedge Wizard on May 5, 2022.
             Was an Elder of Vehumet.
             Killed from afar by a manticore (13 damage)
             ... with a volley of spikes
             ... on level 13 of the Dungeon.
             The game lasted 00:52:26 (16857 turns).

pokeman the Eclecticist (Deep Elf Hedge Wizard)    Turns: 16857, Time: 00:52:26

Health: 0/66       AC:  9    Str:  7    XL:     12   Next: 85%
Magic:  26/36      EV: 11    Int: 30    God:    Vehumet [****..]
Gold:   1399       SH:  5    Dex: 14    Spells: 29/47 levels left

rFire   + . .      SeeInvis .   W - +10 morningstar "Eos" {elec, Halo rElec}
rCold   x . .      Faith    .   J - +0 buckler
rNeg    . . .      Spirit   .   C - +0 troll leather armour
rPois   +          Reflect  .   c - +0 hat
rElec   +          Harm     .   (no cloak)
rCorr   .          Rampage  .   F - +1 pair of gloves
Will    +....                   v - +1 pair of boots {Fly}
Stlth   +.........              Z - amulet of regeneration
HPRegen 1.81/turn               r - ring of fire
MPRegen 0.25/turn               A - ring "Rouciyh" {Wiz rPois Int+5}

@: spiked, flying, glowing
A: no striking features
a: Renounce Religion


You were on level 13 of the Dungeon.
You worshipped Vehumet.
Vehumet was greatly pleased with you.
You visited 2 branches of the dungeon, and saw 14 of its levels.

You collected 1763 gold pieces.
You spent 364 gold pieces at shops.

Inventory:

Hand Weapons
 Q - the +9 dagger "Faolerit" {freeze, rN+}
   (You took it off a hobgoblin on level 11 of the Dungeon)

   It freezes those it strikes, dealing additional cold damage.
   It can also slow down cold-blooded creatures.
   rN:        It protects you from negative energy.
 W - the +10 morningstar "Eos" (weapon) {elec, Halo rElec}
   (You found it on level 13 of the Dungeon)

   It occasionally discharges a powerful burst of electricity upon striking a
   foe.
   It grants its wielder a halo, increasing accuracy against those within it.
   rElec:     It insulates you from electricity.
Missiles
 I - a throwing net
Armour
 c - a +0 hat (worn)
 i - an orb of mayhem
 k - a +2 leather armour of fire resistance
 v - a +1 pair of boots of flying (worn)
 B - a +3 leather armour of willpower
 C - a +0 troll leather armour (worn)
 F - a +1 pair of gloves (worn)
 J - a +0 buckler (worn)
 T - a +2 robe of cold resistance
Magical Staves
 U - a staff of cold
 X - a staff of earth
Jewellery
 r - a ring of fire (left hand)
 A - the ring "Rouciyh" (right hand) {Wiz rPois Int+5}
   (You found it on level 6 of the Dungeon)

   [ring of wizardry]

   It improves your spell success rate.
   Int:       It affects your intelligence (+5).
   rPois:     It protects you from poison.
 K - a +4 ring of evasion
 L - a ring of fire
 M - a ring of poison resistance
 R - a ring of wizardry
 Y - a ring of willpower
 Z - an amulet of regeneration (around neck)
Wands
 e - a wand of digging (4)
 l - a wand of flame (56)
 t - a wand of iceblast (25)
 G - a wand of paralysis (19)
 V - a wand of acid (2)
Scrolls
 a - 10 scrolls of enchant armour {unknown}
 g - a scroll of magic mapping {unknown}
 h - a scroll of torment {unknown}
 j - 3 scrolls of immolation {unknown}
 n - 16 scrolls of identify {unknown}
 p - 2 scrolls of fear {unknown}
 q - 4 scrolls of teleportation {unknown}
 u - 2 scrolls of noise {unknown}
 x - 3 scrolls of poison {unknown}
 y - a scroll of amnesia {unknown}
 z - a scroll of summoning {unknown}
 D - 3 scrolls of fog {unknown}
 H - 4 scrolls of blinking {unknown}
 P - 2 scrolls of enchant weapon {unknown}
 S - a scroll of vulnerability {unknown}
Potions
 b - 4 potions of mutation {unknown}
 d - 4 potions of magic
 f - 4 potions of brilliance {unknown}
 m - 5 potions of lignification {unknown}
 o - 2 potions of ambrosia {unknown}
 s - 7 potions of curing
 w - 7 potions of heal wounds
 N - a potion of flight {unknown}
 O - a potion of invisibility {unknown}


   Skills:
 + Level 4.3 Fighting
 - Level 4.0 Armour
 - Level 3.1 Dodging
 - Level 3.0 Stealth
 - Level 5.0 Shields
 * Level 18.0 Spellcasting
 + Level 10.8 Conjurations
 - Level 1.1 Summonings
 - Level 1.5 Necromancy
 - Level 1.1 Translocations
 + Level 10.2 Fire Magic
 - Level 1.0 Ice Magic
 - Level 1.4 Air Magic
 - Level 1.1 Earth Magic
 - Level 1.1 Poison Magic
 - Level 1.1 Evocations


You had 29 spell levels left.
You knew the following spells:

 Your Spells              Type           Power      Damage    Failure   Level
a - Magic Dart            Conj           100%       1d8       1%          1
b - Mephitic Cloud        Conj/Pois/Air  52%        N/A       1%          3
c - Call Imp              Summ           33%        N/A       1%          2
d - Blink                 Tloc           66%        N/A       1%          2
e - Conjure Flame         Conj/Fire      94%        6-21      1%          3
f - Foxfire               Conj/Fire      100%       2x1d9     1%          1
g - Starburst             Conj/Fire      47%        6d13      1%          6

Your spell library contained the following spells:

 Spells                   Type           Power      Damage    Failure   Level
 Yara's Violent Unravell  Hex/Tmut       13%        3d7       9%          5
 Slow                     Hex            100%       N/A       1%          1
 Dazzling Flash           Conj/Hex       100%       N/A       1%          3
 Iskenderun's Mystic Bla  Conj/Tloc      58%        2d12      1%          4


Dungeon Overview and Level Annotations

Branches:
Dungeon (13/15)            Temple (1/1) D:7            Lair (0/6) D:11
    Orc (0/2) D:11
 Vaults: D:13-14

Altars:
Ashenzari
Elyvilon
Kikubaaqudgha
Makhleb
Nemelex Xobeh
Ru
Uskayaw
Vehumet
Wu Jian
Xom
Yredelemnul

Shops:
D:5 =   D:6 !   D:9 *[!   D:13 :[[*=

Portals:
Trove: D:12 (show slimy rune of Zot)


Message History

* * * LOW HITPOINT WARNING * * *
Casting: Starburst (dangerous; 1% risk of failure)
Confirm with . or Enter, or press ? or * to list all spells.
Aiming: Mephitic Cloud (safe; 1% risk of failure)
Press: ? - help, Shift-Dir - straight line, f - manticore
Aim: a manticore (haloed, chance to affect: 58%)
The ball explodes into a vile cloud!
The stinking cloud engulfs the manticore but does no damage.
You hear a shout!
You hear a deafening roar!
You hear a shout!
The manticore is engulfed in noxious fumes.
The manticore flicks its tail.
The volley of spikes hits you!
The barbed spikes become lodged in your body.
* * * LOW HITPOINT WARNING * * *
You hear a shout!
Unknown command.
Unknown command.
Casting: Mephitic Cloud (safe; 1% risk of failure)
Confirm with . or Enter, or press ? or * to list all spells.
You feel a surge of power!
You conjure some foxfire!
The manticore is engulfed in noxious fumes.
Unknown command.
Casting: Foxfire (safe; 1% risk of failure)
Confirm with . or Enter, or press ? or * to list all spells.
Casting: Starburst (dangerous; 1% risk of failure)
Press: ? - help, Dir - look around, f - activate You feel a surge of power!
The bolt of fire hits your foxfire.
Your foxfire completely resists.
The bolt of fire hits your foxfire.
Your foxfire completely resists.
The bolt of fire hits the manticore!!!
The manticore is almost dead.
The foxfire hits the manticore but does no damage.
The manticore is almost dead.
The foxfire hits the manticore but does no damage.
The manticore is almost dead.
The manticore flicks its tail.
The volley of spikes hits you!
The barbed spikes become lodged in your body.
You die...

##..####..#######..##
......#..## ##..####
........## ###....#####
####...##
#####.......†..######
##..#
###.........####.....##
###.#####...........##
#####...
##....................#
####
#....#####..☼##§.....)##
## #....#
...§○H.@.......## #.
##....#
#######......<..# #.
#.....# #.........# ##
#.....# #....<...##
#.....# #........#
#.....# #.......##
#.....##########..[...##
..
....................#.#
..
...........#####..###.#
..


You could see a manticore.

Vanquished Creatures
  A hydra (D:13)
  Fannar (D:12)
  A great orb of eyes (D:13)
  2 ogre magi (D:13)
  A boulder beetle (D:11)
  2 two-headed ogres
  2 tengu warriors (D:13)
  The ghost of happo123 the Grappler, a novice TrBe of Trog (D:7)
  Lodul (D:13)
  A swamp dragon (shapeshifter) (D:13)
  A phantasmal warrior (D:13)
  2 deep elf pyromancers
  An ugly thing (D:13)
  A manticore (D:13)
  2 cyclopes (D:12)
  A gargoyle (D:10)
  The ghost of royokou the Conjurer, a novice DgCj (D:4)
  An efreet (D:13)
  A freezing wraith (D:13)
  3 kobold demonologists
  A wind drake (shapeshifter) (D:13)
  3 trolls
  A hornet (D:11)
  2 slime creatures (D:5)
  Sigmund (D:6)
  2 wraiths (D:13)
  3 shadows
  15 yaks
  A wyvern (D:8)
  Eustachio (D:4)
  2 steam dragons
  7 vampire mosquitoes
  Menkaure (D:6)
  4 water moccasins
  Duvessa (D:6)
  2 black bears
  4 orc warriors
  2 sky beasts (D:7)
  3 ice beasts (D:7)
  A boggart (D:13)
  10 ogres
  2 centaurs
  A phantom (D:4)
  5 kobold brigands
  A gnoll sergeant (D:8)
  5 bullfrogs
  3 necrophages
  8 scorpions
  3 wights
  Dowan (D:6)
  20 killer bees
  3 howler monkeys
  An electric eel (D:7)
  7 jellies
  7 orc priests
  2 gnoll shamans (D:8)
  8 hounds
  A water moccasin simulacrum (D:7)
  An iguana (D:5)
  Terence (D:2)
  13 orc wizards
  A centaur simulacrum (D:7)
  A killer bee simulacrum (D:7)
  16 gnolls
  4 adders
  A shadow imp (D:6)
  4 white imps
  A howler monkey simulacrum (D:7)
  3 worms
  7 dart slugs
  32 orcs
  14 endoplasms
  3 giant cockroaches
  6 goblins
  6 hobgoblins
  7 jackals
  4 quokkas
  10 ball pythons
  4 bats
  4 frilled lizards
  31 kobolds
  7 rats
  A spectral orc (D:11)
354 creatures vanquished.

Vanquished Creatures (collateral kills)
  A killer bee (D:11)
  3 foxfires (D:11)
4 creatures vanquished.

Vanquished Creatures (others)
  A killer bee (D:10)
  820 foxfires
  46 fungi
  39 plants
  5 toadstools (D:5)
911 creatures vanquished.

Grand Total: 1269 creatures vanquished

Notes
Turn   | Place    | Note
-------+----------+-------------------------------------------
     0 | D:1      | pokeman the Deep Elf Hedge Wizard began the quest for the
                  | Orb.
     0 | D:1      | Reached XP level 1. HP: 10/10 MP: 7/7
   266 | D:1      | Reached XP level 2. HP: 14/15 MP: 1/9
  1002 | D:1      | Reached skill level 5 in Spellcasting
  1306 | D:2      | Reached XP level 3. HP: 20/20 MP: 9/11
  1576 | D:2      | Reached skill level 1 in Fighting
  1805 | D:2      | Learned a level 3 spell: Mephitic Cloud
  1808 | D:2      | Learned a level 2 spell: Call Imp
  1811 | D:2      | Learned a level 2 spell: Blink
  1815 | D:2      | Learned a level 3 spell: Conjure Flame
  1892 | D:2      | Reached skill level 1 in Armour
  1915 | D:2      | Found a faded altar of an unknown god.
  1923 | D:2      | Got Plato's Disquisition on the Arsonist
  1926 | D:2      | Learned a level 1 spell: Foxfire
  2064 | D:2      | Found an ancient bone altar of Kikubaaqudgha.
  2442 | D:2      | Reached XP level 4. HP: 25/25 MP: 11/13
  2650 | D:2      | Noticed Terence
  2663 | D:2      | Killed Terence
  2969 | D:3      | Reached skill level 1 in Fire Magic
  3774 | D:4      | Reached skill level 6 in Spellcasting
  3875 | D:4      | Reached XP level 5. HP: 19/29 MP: 10/15
  4011 | D:4      | Noticed Eustachio
  4024 | D:4      | Reached skill level 1 in Air Magic
  4036 | D:4      | HP: 1/29 [Eustachio/+0 rapier (3)]
  4041 | D:4      | Noticed a phantom
  4354 | D:4      | Killed a phantom
  4355 | D:4      | Reached XP level 6. HP: 23/34 MP: 10/17
  4478 | D:4      | Found a sparkling altar of Nemelex Xobeh.
  4513 | D:4      | Found a runed translucent gate.
  4514 | D:4      | Found a runed translucent gate.
  4547 | D:4      | Killed Eustachio
  4548 | D:4      | Reached skill level 7 in Spellcasting
  4548 | D:4      | Reached skill level 1 in Poison Magic
  4548 | D:4      | Reached skill level 1 in Evocations
  4699 | D:4      | Found a burning altar of Makhleb.
  4893 | D:4      | Found a runed translucent gate.
  4895 | D:4      | Noticed royokou's ghost (novice DgCj)
  4951 | D:5      | Entered Level 5 of the Dungeon
  5028 | D:5      | Reached XP level 7. HP: 38/38 MP: 14/20
  5154 | D:5      | Noticed a slime creature
  5165 | D:5      | Killed a slime creature
  5166 | D:5      | Reached skill level 8 in Spellcasting
  5216 | D:5      | Noticed a slime creature
  5225 | D:5      | Killed a slime creature
  5240 | D:5      | Reached XP level 8. HP: 45/45 MP: 15/22
  5266 | D:5      | Reached skill level 9 in Spellcasting
  5477 | D:5      | You fall into a shaft and drop 1 floor!
  5477 | D:6      | Noticed Sigmund
  5486 | D:6      | Killed Sigmund
  5487 | D:6      | Reached skill level 5 in Conjurations
  5496 | D:6      | Learned a level 6 spell: Starburst
  5547 | D:6      | Found Giann's Distillery.
  5555 | D:6      | Bought a potion of heal wounds for 70 gold pieces
  5555 | D:6      | Bought a potion of degeneration for 14 gold pieces
  5659 | D:5      | Reached skill level 10 in Spellcasting
  5731 | D:5      | Found Pyecy's Jewellery Shop.
  5817 | D:5      | Found an ancient bone altar of Kikubaaqudgha.
  6303 | D:6      | Noticed Menkaure
  6327 | D:6      | Killed Menkaure
  6612 | D:6      | Noticed Duvessa
  6612 | D:6      | Noticed Dowan
  6632 | D:6      | Killed Dowan
  6633 | D:6      | Reached XP level 9. HP: 48/50 MP: 14/25
  6657 | D:6      | Killed Duvessa
  6869 | D:6      | Identified the ring "Rouciyh" {Wiz rPois Int+5}
  7409 | D:7      | Reached skill level 11 in Spellcasting
  7470 | D:7      | Reached skill level 5 in Fire Magic
  7612 | D:7      | Noticed happo123's ghost (novice TrBe)
  7643 | D:7      | Noticed a troll
  7693 | D:7      | Killed a troll
  7951 | D:7      | Found a broken altar of Ashenzari.
  8019 | D:7      | Reached skill level 12 in Spellcasting
  8177 | D:7      | Found an ornate altar of the Wu Jian Council.
  8661 | D:7      | Found a basalt altar of Yredelemnul.
  8733 | D:7      | Found a runed translucent gate.
  8733 | D:7      | Found a runed translucent gate.
  8735 | D:7      | Found a runed translucent gate.
  8802 | D:7      | Found a staircase to the Ecumenical Temple.
  8811 | Temple   | Entered the Ecumenical Temple
  8865 | Temple   | Became a worshipper of Vehumet
  9451 | D:8      | Noticed a kobold demonologist
  9456 | D:8      | Reached XP level 10. HP: 56/56 MP: 21/28
  9830 | D:8      | Reached * piety under Vehumet
  9830 | D:8      | Offered knowledge of Sandblast by Vehumet.
  9831 | D:8      | Reached skill level 13 in Spellcasting
 10124 | D:8      | Found a shimmering altar of Xom.
 10140 | D:8      | Noticed a two-headed ogre
 10158 | D:8      | Killed a two-headed ogre
 10159 | D:8      | Reached skill level 1 in Shields
 10365 | D:4      | Killed royokou's ghost
 10628 | D:7      | HP: 2/56 [happo123's ghost (17)]
 10661 | D:7      | Killed happo123's ghost
 10662 | D:7      | Reached skill level 1 in Necromancy
 10972 | D:9      | Found Fitaepp's Antique Armour Shop.
 10984 | D:9      | Found Cymuv's Distillery.
 11123 | D:9      | Reached skill level 14 in Spellcasting
 11218 | D:9      | Found Fubokkirch's General Store.
 11439 | D:9      | Offered knowledge of Scorch by Vehumet.
 11443 | D:9      | Reached ** piety under Vehumet
 11658 | D:9      | Reached XP level 11. HP: 34/60 MP: 24/31
 11830 | D:10     | Entered Level 10 of the Dungeon
 12113 | D:10     | Noticed a two-headed ogre
 12117 | D:10     | Killed a two-headed ogre
 12412 | D:10     | Reached skill level 15 in Spellcasting
 12850 | D:11     | Offered knowledge of Static Discharge by Vehumet.
 13001 | D:11     | Found a staircase to the Lair.
 13081 | D:11     | Reached *** piety under Vehumet
 13225 | D:11     | Identified the +9 dagger "Faolerit" {freeze, rN+}
 13376 | D:11     | Offered knowledge of Hailstorm by Vehumet.
 13447 | D:11     | Found a staircase to the Orcish Mines.
 13606 | D:11     | Noticed a deep elf pyromancer
 13612 | D:11     | Killed a deep elf pyromancer
 13740 | D:11     | Noticed a boulder beetle
 13755 | D:11     | Killed a boulder beetle
 13857 | D:11     | Found a basalt altar of Yredelemnul.
 14198 | D:11     | Reached skill level 16 in Spellcasting
 14375 | D:12     | Noticed a deep elf pyromancer
 14377 | D:12     | Killed a deep elf pyromancer
 14673 | D:12     | Found a portal to a secret trove of treasure.
 14826 | D:12     | Reached XP level 12. HP: 61/64 MP: 20/34
 15137 | D:12     | Reached **** piety under Vehumet
 15140 | D:12     | Offered knowledge of Yara's Violent Unravelling by Vehumet.
 15184 | D:12     | Noticed Fannar
 15193 | D:12     | Killed Fannar
 15194 | D:12     | Reached skill level 10 in Conjurations
 15519 | D:13     | Noticed Lodul
 15698 | D:13     | Reached skill level 5 in Shields
 15704 | D:13     | Reached skill level 1 in Ice Magic
 15725 | D:13     | Killed Lodul
 15726 | D:13     | Reached skill level 17 in Spellcasting
 15789 | D:13     | Found the +10 morningstar "Eos" {elec, Halo rElec}
 15883 | D:13     | Found Zulaer's Jewellery Emporium.
 15936 | D:13     | Noticed a tengu warrior
 15939 | D:13     | Killed a tengu warrior
 15993 | D:13     | Reached skill level 1 in Earth Magic
 16084 | D:13     | Noticed an ogre mage
 16087 | D:13     | Noticed an ogre mage
 16088 | D:13     | Killed an ogre mage
 16090 | D:13     | Killed an ogre mage
 16241 | D:13     | Noticed a tengu warrior
 16244 | D:13     | Killed a tengu warrior
 16276 | D:13     | Noticed a great orb of eyes
 16280 | D:13     | Reached skill level 10 in Fire Magic
 16281 | D:13     | Killed a great orb of eyes
 16559 | D:13     | Found Xiump's Antique Armour Shop.
 16559 | D:13     | Noticed a four-headed hydra
 16562 | D:13     | Killed a four-headed hydra
 16563 | D:13     | Reached skill level 18 in Spellcasting
 16617 | D:13     | Found Xeseol's General Store.
 16617 | D:13     | Found Gapai's Antique Armour Shop.
 16618 | D:13     | Found Fuecw's Book Shop.
 16624 | D:13     | Bought a +1 pair of boots of flying for 280 gold pieces
 16857 | D:13     | Killed from afar by a manticore

Illustrated notes

Levels and vault maps discovered:
D:1:      dpeg_cavernosity, layout_basic
D:2:      minmay_chambers_of_ones, layout_loops_cross, basic_altar,
          shapermc_ecumenical_altar_rom_forum, uniq_terence
D:3:      layout_basic
D:4:      layout_rooms, mainiacjoe_overflow_24_doors,
          makhleb_blood_cavern_becter, gammafunk_ghost_nasty_kobolds,
          uniq_eustachio
D:5:      cheibrodos_fertilizer, layout_cave_pools,
          mainiacjoe_overflow_brackets, serial_shops, nicolae_stop_n_shop_2
D:6:      layout_basic, serial_shops, nicolae_shop_advertising_works
          [nicolae_subvault_shop_adworks], st_stairs_12, uniq_menkaure,
          uniq_sigmund, uniq_duvessa
D:7:      layout_basic, kennysheep_mini, mainiacjoe_overflow_catch_the_wave,
          lemuel_temple_firewalk_b, gammafunk_ghost_icy, st_stairs_3,
          nrook_pool_corridor, minmay_diced_spiral
D:8:      layout_gridville, old_standard_altar
D:9:      layout_roguey, serial_shops, nicolae_shop_trees, shop,
          nicolae_shop_trees, nicolae_straight_to_the_point
D:10:     layout_stronghold, serial_co_window_serial, co_window_cross_1,
          co_window_paths_a, co_window_paths_b, co_window_of_opportunity_a,
          co_window_paths_b, co_window_corner_a, co_window_cross_3,
          co_window_of_opportunity_b, co_window_corner_cb, co_window_broadway_a,
          co_window_corner_b, glass_columns_b, glass_columns_b, glass_columns_b,
          glass_columns_a, glass_columns_b
D:11:     layout_stronghold, due_lair_maze_entry_diamond, erik_orc_3,
          yredelemnul_forgotten_temple_becter
D:12:     layout_basic, nicolae_trove_entry_columns, uniq_fannar
D:13:     layout_cave_pods, david_vaults_4, serial_shops, shop,
          minmay_shop_grid_forest, minmay_evil_grid, uniq_lodul
Temple:   regret_index_temple_generic_petals

Skill      XL: |  1  2  3  4  5  6  7  8  9 10 11 12 |
---------------+-------------------------------------+-----
Spellcasting   | 5 6 7 8 10 12 14 16 18 | 18.0
Fighting       | 1 2 3 4 |  4.3
Armour         | 1 2 3 4 |  4.0
Conjurations   | 2 3 4 5 7 8 9 10 | 10.8
Fire Magic     | 1 3 4 6 7 9 10 | 10.2
Dodging        | 3 |  3.1
Air Magic      | 1 |  1.4
Stealth        | 3 |  3.0
Poison Magic   | 1 |  1.1
Evocations     | 1 |  1.1
Shields        | 2 4 5 |  5.0
Necromancy     | 1 |  1.5
Ice Magic      | 1 |  1.0
Earth Magic    | 1 |  1.1
Summonings     | |  1.1
Translocations | |  1.1

Action                   |  1- 3 |  4- 6 |  7- 9 | 10-12 || total
-------------------------+-------+-------+-------+-------++-------
Melee: War axe           |    16 |    23 |       |       ||    39
       Dagger            |       |       |    50 |    56 ||   106
       Punch             |       |       |     2 |       ||     2
 Cast: Magic Dart        |    86 |    29 |    22 |     6 ||   143
       Foxfire           |    14 |    73 |   187 |   186 ||   460
       Mephitic Cloud    |       |     4 |    13 |    23 ||    40
       Conjure Flame     |       |     1 |    23 |    13 ||    37
       Call Imp          |       |       |     8 |     1 ||     9
       Blink             |       |       |     3 |     1 ||     4
       Starburst         |       |       |       |    86 ||    86
Evoke: Wand              |       |       |       |    18 ||    18
 Stab: Sleeping          |     1 |       |       |     1 ||     2
       Confused          |       |     2 |     2 |     5 ||     9
Armor: Robe              |     6 |       |       |       ||     6
       Leather armour    |       |    14 |    10 |       ||    24
       Troll leather arm |       |       |     8 |    10 ||    18
Dodge: Dodged            |    28 |    25 |    42 |    56 ||   151

Table legend: (Time is in decaauts)
 A = Elapsed time spent in this place.
 B = Non-inter-level travel time spent in this place.
 C = Inter-level travel time spent in this place.
 D = Time resting spent in this place.
 E = Time spent auto-exploring this place.
 F = Levels seen in this place.
 G = Mean time per level.
                   A        B        C        D        E       F      G
               +--------+--------+--------+--------+--------+-----+--------+
         Total |  16879 |  16351 |    528 |   1413 |  12353 |  14 | 1205.6 |
       Dungeon |  16793 |  16295 |    498 |   1413 |  12308 |  13 | 1291.8 |
        Temple |     85 |     55 |     30 |      0 |     45 |   1 |   85.0 |
               +--------+--------+--------+--------+--------+-----+--------+

Top non-repeatable levels by time:
     D:7: 2204 daAuts
     D:2: 1522 daAuts
    D:11: 1414 daAuts
    D:13: 1408 daAuts
     D:6: 1389 daAuts
     D:3: 1261 daAuts
     D:1: 1248 daAuts
    D:12: 1185 daAuts
     D:4: 1126 daAuts
     D:5: 1114 daAuts
     D:8: 1043 daAuts
    D:10: 1017 daAuts
     D:9: 857 daAuts
  Temple: 85 daAuts
